 Dungeon Crawl Stone Soup version 0.28.0-43-g3370ac3207 (webtiles) character file.

Game seed: 12082386907961959217

5 joshe the Ruffian (level 1, 0/19 HPs)
             Began as an Ogre Transmuter on Mar 12, 2022.
             Slain by a jackal (2 damage)
             ... on level 1 of the Dungeon.
             The game lasted 00:02:34 (241 turns).

joshe the Ruffian (Ogre Transmuter)                  Turns: 241, Time: 00:02:34

Health: 0/19       AC:  3    Str: 13    XL:     1   Next: 80%
Magic:  3/3        EV: 10    Int: 14    God:
Gold:   29         SH:  0    Dex:  9    Spells: 3/4 levels left

rFire   . . .      SeeInvis .     - Unarmed
rCold   . . .      Faith    .   (no shield)
rNeg    . . .      Spirit   .   a - +0 robe
rPois   .          Reflect  .   (helmet restricted)
rElec   .          Harm     .   (no cloak)
rCorr   .          Rampage  .   (gloves unavailable)
Will    .....                   (boots unavailable)
Stlth   +.........              (no amulet)
HPRegen 0.06/turn               (no ring)
MPRegen 0.08/turn               (no ring)

@: no status effects
A: large, unfitting armour, tough skin 1
a: no special abilities


You were on level 1 of the Dungeon.
You visited 1 branch of the dungeon, and saw 1 of its levels.

You collected 29 gold pieces.

Inventory:

Missiles
 d - 5 poisoned darts
Armour
 a - a +0 robe (worn)
Scrolls
 e - a scroll of identify {unknown}
Potions
 b - 2 potions of mutation {unknown}
 c - a potion of curing {unknown}


   Skills:
 - Level 1.3 Fighting
 - Level 2.0 Dodging
 + Level 2.8 Unarmed Combat
 - Level 2.4 Spellcasting
 - Level 2.0 Transmutations


You had 3 spell levels left.
You knew the following spells:

 Your Spells              Type           Power      Damage    Failure   Level
a - Beastly Appendage     Tmut           14%        N/A       10%         1

Your spell library contained the following spells:

 Spells                   Type           Power      Damage    Failure   Level
 Wereblood                Tmut           7%         N/A       16%         2
 Spider Form              Tmut/Pois      4%         N/A       41%         3
 Ice Form                 Ice/Tmut       4%         N/A       83%         4


Dungeon Overview and Level Annotations

Branches:
Dungeon (1/15)

Altars:


Innate Abilities, Weirdness & Mutations

You are too large for most types of armour.
You have tough skin. (AC +1)


Message History

You hit the jackal.
The jackal is moderately wounded.
The jackal bites you.
You closely miss the jackal.
The jackal is moderately wounded.
Your horns disappear.
Your talons disappear.
The jackal misses you.
Casting: Beastly Appendage (safe; 10% risk of failure)
Confirm with . or Enter, or press ? or * to list all spells.
You grow a pair of large bovine horns.
Your feet morph into talons.
The jackal bites you.
The jackal bites you but does no damage.
You hit the jackal but do no damage. You headbutt the jackal.
The jackal is heavily wounded.
The jackal bites you.
Your transformation is almost over.
The jackal bites you.
* * * LOW HITPOINT WARNING * * *
A hobgoblin comes into view.
Found 10 gold pieces.
The hobgoblin shouts!
You hear a shout!
You hit the jackal.
You kill the jackal!
A goblin comes into view. It is wielding a +1 dagger of venom.
The jackal bites you but does no damage.
The goblin moves out of view.
You hit the jackal.
The jackal is heavily wounded.
Your horns disappear.
Your talons disappear.
The jackal barely misses you. The jackal bites you.
* * * LOW HITPOINT WARNING * * *
The jackal bites you but does no damage.
The jackal completely misses you. The jackal barely misses you.
The jackal bites you.
* * * LOW HITPOINT WARNING * * *
You closely miss the jackal. The jackal bites you.
* * * LOW HITPOINT WARNING * * *
The jackal bites you.
You die...

.....###.#......# ........
#...#.#####..# ######..
#...........# #####'
#####...........# #.....
........###.....# #..♣..<
#####.#..#..###.# ##..... .
#..##...## .#############
..####.#####.###.##.#..#....##
#......##...hh@..#..##.......#
#.......g.#g####..# #......##
...#....####.##...## #.......
$.#.##†####....##### #.......
#....#.............####.......
...............................
#.g###..#####....##............
. ............................
######.####.###.######.......


You could see 2 jackals, a hobgoblin and a goblin.

Vanquished Creatures
  An endoplasm (D:1)
  2 jackals (D:1)
  A ball python (D:1)
  A kobold (D:1)
5 creatures vanquished.

Notes
Turn   | Place    | Note
-------+----------+-------------------------------------------
     0 | D:1      | joshe the Ogre Transmuter began the quest for the Orb.
     0 | D:1      | Reached XP level 1. HP: 19/19 MP: 3/3
   241 | D:1      | Slain by a jackal

Illustrated notes

Levels and vault maps discovered:
D:1:      minmay_arrival_split_and_join, layout_rooms, serial_shops, shop,
          corexii_leaking_fountain

Skill      XL: |  1 |
---------------+----+-----
Transmutations | 2 |  2.0
Dodging        | 2 |  2.0
Fighting       | |  1.3
Unarmed Combat | |  2.8
Spellcasting   | |  2.4

Action                   || total
-------------------------++-------
Melee: Unarmed           ||    20
       Headbutt          ||     2
       Kick              ||     1
 Cast: Beastly Appendage ||     5
 Stab: Sleeping          ||     1
Armor: Robe              ||     8
Dodge: Dodged            ||     8
